 Dungeon Crawl Stone Soup version 0.21.1-1-g345015fe64 (webtiles) character file.

95 Ikesh the Poker (level 4, -3/34 HPs)
             Began as a Merfolk Skald on Mar 10, 2018.
             Slain by an orc
             ... wielding a +0 hand axe
              (5 damage)
             ... on level 4 of the Dungeon.
             The game lasted 00:10:04 (1524 turns).

Ikesh the Poker (Merfolk Skald)                     Turns: 1524, Time: 00:10:04

Health: -3/34      AC:  5    Str: 12    XL:     4   Next: 65%
Magic:  7/7        EV: 13    Int: 17    God:
Gold:   116        SH:  0    Dex: 13    Spells: 2/7 levels left

rFire    . . .     SeeInvis .   a - +1 spear
rCold    . . .     Gourm    .   (no shield)
rNeg     . . .     Faith    .   b - +0 leather armour
rPois    .         Spirit   .   e - +2 hat
rElec    .         Reflect  .   j - scarf {repulsion}
rCorr    .         Harm     .   (no gloves)
MR       .....     Rnd*Tele +   (no boots)
Stlth    +.........             k - amulet of magic regeneration
HPRegen  0.11/turn              (no ring)
MPRegen  0.35/turn              (no ring)

@: brilliant, singing, flying, repel missiles
A: change form in water, swift swim, stealthy swim, claws 1, teleportitis 1
a: no special abilities


You were on level 4 of the Dungeon.
You were not hungry.

You visited 1 branch of the dungeon, and saw 4 of its levels.

You collected 116 gold pieces.

Inventory:

Hand Weapons
 a - a +1 spear (weapon)
Armour
 b - a +0 leather armour (worn)
 e - a +2 hat (worn)
 j - a scarf of repulsion (worn)
Jewellery
 k - an amulet of magic regeneration (around neck)
Scrolls
 g - 3 scrolls of identify
 m - 2 scrolls of blinking
 n - a scroll of remove curse
Potions
 l - a potion of brilliance
Books
 c - a book of Battle

   Spells                             Type                      Level
   a - Infusion                       Charms                       1
   b - Shroud of Golubria             Charms/Translocation         2
   c - Song of Slaying                Charms                       2
   d - Spectral Weapon                Hexes/Charms                 3
   e - Regeneration                   Charms/Necromancy            3
Comestibles
 d - 6 rations
 f - 3 chunks of flesh


   Skills:
 + Level 2.6 Fighting
 + Level 4.4 Polearms
 + Level 1.3 Armour
 + Level 3.2 Dodging
 + Level 0.2 Stealth
 + Level 2.2 Spellcasting
 + Level 3.9 Charms


You had 2 spell levels left.
You knew the following spells:

 Your Spells              Type           Power        Failure   Level  Hunger
a - Infusion              Chrm           ####         1%          1    #......
b - Shroud of Golubria    Chrm/Tloc      ###.......   1%          2    ###....
c - Song of Slaying       Chrm           ####....     1%          2    ###....


Dungeon Overview and Level Annotations

Branches:
Dungeon (4/15)
 Temple: D:4-7

Altars:
Gozag

Annotations:
D:3 Sigmund


Innate Abilities, Weirdness & Mutations

You revert to your normal form in water.
You are very nimble and swift while swimming.
You are very stealthy in the water. (Stealth+)
You have sharp fingernails.
You are occasionally teleported next to monsters.


Message History

The orc is almost dead.
The orc hits you with a hand axe.
* * * LOW HITPOINT WARNING * * *
Okay, then.
You hit the orc.
You kill the orc!
Attack whom?
Press: ? - help, Dir - move target cursor, f - orc
Aim: an orc, wielding a hand axe and wearing a chain mail You reach to attack!
You completely miss the orc. You closely miss the orc.
The orc barely misses you.
You hit the orc.
The orc is heavily wounded.
The orc closely misses you.
You barely miss the orc.
The orc is heavily wounded.
You hit the orc.
The orc is severely wounded.
The orc hits you with a hand axe.
You die...

... ...# #..#o#
#..#o# #
#..#o#.# #+#
#..#.#.###
#@#####..#o....#
#.o..))..#.....#
#######†##.o...#
#.<..# ######


You could see an orc.

Vanquished Creatures
  A howler monkey skeleton (D:4)
  A gnoll (D:1)
  2 adders
  An ooze (D:3)
  A worm (D:2)
  A dart slug (D:1)
  4 orcs (D:4)
  2 giant cockroaches
  5 goblins
  7 hobgoblins
  2 jackals (D:2)
  A quokka (D:2)
  3 bats
  3 frilled lizards
  6 kobolds
  2 rats
42 creatures vanquished.

Notes
Turn   | Place    | Note
-------+----------+-------------------------------------------
     0 | D:1      | Ikesh the Merfolk Skald began the quest for the Orb.
     0 | D:1      | Reached XP level 1. HP: 16/16 MP: 3/3
    42 | D:1      | Gained mutation: You are occasionally teleported next to monsters. [potion of mutation]
    42 | D:1      | Gained mutation: You have sharp fingernails. [potion of mutation]
   219 | D:1      | Reached XP level 2. HP: 23/23 MP: 1/5
   259 | D:1      | Reached XP level 3. HP: 28/28 MP: 0/6
   759 | D:2      | Reached skill level 1 in Armour
   826 | D:2      | Learned a level 2 spell: Shroud of Golubria
   829 | D:2      | Learned a level 2 spell: Song of Slaying
   854 | D:2      | Reached skill level 4 in Polearms
  1105 | D:2      | Found an opulent altar of Gozag.
  1258 | D:2      | Reached XP level 4. HP: 34/34 MP: 7/7
  1456 | D:3      | Noticed Sigmund
  1514 | D:4      | HP: 1/34 [orc/hand axe (3)]
  1524 | D:4      | Slain by an orc

Skill      XL: |  1  2  3 |
---------------+----------+-----
Armour         | 1 |  1.3
Polearms       | 4 |  4.4
Dodging        | 3 |  3.2
Fighting       | |  2.6
Stealth        | |  0.2
Spellcasting   | |  2.2
Charms         | |  3.9

Action                   |  1- 3 |  4- 6 || total
-------------------------+-------+-------++-------
Melee: Spear             |    90 |    62 ||   152
 Cast: Infusion          |    10 |       ||    10
       Shroud of Golubri |     2 |     4 ||     6
       Song of Slaying   |     1 |     4 ||     5
  Use: Scroll            |     5 |       ||     5
       Potion            |     2 |     5 ||     7
 Stab: Sleeping          |     2 |       ||     2
  Eat: Chunk             |     2 |     1 ||     3
Armor: Leather armour    |    17 |    12 ||    29
Dodge: Dodged            |    49 |    38 ||    87
       Deflected         |     5 |       ||     5
